Map: Selva profunda EE

Players

TATORREA - Winner!

  • Race: Protoss Protoss
  • League: Silver
  • Spawn Location: 7:00

MrFercho - Winner!

  • Race: Zerg Zerg
  • League: Silver
  • Spawn Location: 7:00

tigro - Winner!

  • Race: Terran Terran
  • League: Bronze
  • Spawn Location: 7:00

EKAY

  • Race: Protoss Protoss
  • Spawn Location: 3:00

patient

  • Race: Zerg Zerg
  • Spawn Location: 1:00

DarthHoopa

  • Race: Protoss Protoss
  • Spawn Location: 1:00

VOD

Have the link to the VOD?

Description

Time

  • Played on: May 18, 2020, 8:23 p.m.
  • Length: 9:07
Show
View Real Time Build Order
Export as new Build Order

TATORREA Protoss - Winner!

Build Orders:  

Get SALT Encoding   

  12  0:01  Probe  
  13  0:26  Probe  
  14  0:39  Probe  
  15  0:43  Pylon  
  15  0:55  Assimilator  
  15  1:01  Probe  
  16  1:13  Probe  
  18  1:25  Probe  
  18  1:34  Gateway  
  18  1:36  Gateway  
  18  1:37  Probe  
  18  1:38  Forge  
  18  2:08  Probe  
  19  2:59  Probe  
  20  3:07  Assimilator  
  20  3:12  Zealot  
  22  3:47  Pylon, Probe  
  23  3:53  Pylon  
  23  3:56  Pylon  
  23  3:59  Pylon  
  23  4:03  Cybernetics Core  
  23  4:05  Probe, Zealot  
  26  5:01  Probe  
  27  5:07  Warp Gate  
  27  5:09  Stalker x2  
  27  5:11  Protoss Ground Weapons Level 1  
  31  5:21  Probe  
  32  5:39  Stalker x2  
  36  5:48  Twilight Council  
  36  5:50  Stargate  
  36  5:53  Robotics Facility  
  36  5:57  Nexus  
  36  6:09  Stalker  
  38  6:38  Probe  
  39  6:50  Probe  
  40  7:02  Probe  
  41  7:28  Stalker x2  
  45  7:30  Void Ray  
  45  7:33  Immortal  
  53  7:39  Probe  
  53  7:42  Probe  
  55  7:51  Probe  
  55  7:54  Probe  
  57  8:03  Probe  
Show
View Real Time Build Order
Export as new Build Order

MrFercho Zerg - Winner!

Build Orders: Pool First 

Get SALT Encoding   

  12  0:01  Drone  
  13  0:13  Overlord  
  13  0:22  Drone  
  14  0:29  Extractor  
  14  0:31  Drone  
  14  0:33  Drone  
  15  0:41  Drone  
  15  0:42  Extractor  
  15  0:58  Spawning Pool, Drone  
  15  1:02  Drone  
  16  1:08  Drone  
  17  1:19  Drone  
  18  1:34  Drone  
  19  1:48  Drone  
  19  1:52  Metabolic Boost  
  20  2:02  Hatchery  
  20  2:04  Queen  
  20  2:07  Zergling x2  
  22  2:26  Overlord  
  22  3:21  Evolution Chamber  
  22  3:24  Hatchery  
  20  3:39  Zergling x2  
  20  3:40  Zergling x10  
  25  4:09  Zerg Melee Weapons Level 1  
  22  4:52  Zergling x2  
  23  4:53  Zergling x10  
  23  4:57  Drone x2  
  30  5:25  Roach Warren  
  22  6:17  Zergling x2  
  22  6:18  Zergling x14, Roach  
  30  6:19  Roach  
  30  7:23  Zergling x2  
  30  7:24  Zergling x10  
  30  7:28  Overlord x2  
Show
View Real Time Build Order
Export as new Build Order

tigro Terran - Winner!

Build Orders:  

Get SALT Encoding   

  12  0:02  SCV  
  13  0:14  SCV  
  14  0:23  Supply Depot  
  14  0:26  SCV  
  15  0:35  Refinery  
  15  0:45  SCV  
  16  0:53  Barracks  
  16  0:57  SCV  
  17  1:06  Refinery  
  17  1:09  SCV  
  18  1:21  SCV  
  19  1:33  SCV  
  19  1:35  Supply Depot  
  20  1:41  Marine  
  20  1:46  SCV  
  22  1:59  Barracks, Marine  
  22  2:01  SCV  
  23  2:17  Marine  
  21  2:35  Marine  
  22  3:02  SCV  
  22  3:05  Barracks Tech Lab  
  23  3:14  SCV  
  23  3:17  Barracks Tech Lab  
  24  3:24  Engineering Bay  
  24  3:26  SCV  
  25  3:30  Marauder  
  27  3:34  Combat Shield  
  7  3:51  Marauder  
  8  4:00  Marine  
  9  4:13  Marauder  
  11  4:17  Marine  
  12  6:36  SCV  
  13  6:44  Stimpack  
  13  6:46  Concussive Shells  
  13  6:48  SCV  
  14  7:00  SCV  
  15  7:13  SCV  
  16  7:16  Marine  
  17  7:25  SCV  
  18  7:37  SCV  
  19  7:49  SCV  
  20  8:01  SCV  
Show
View Real Time Build Order
Export as new Build Order

EKAY Protoss 

Build Orders:  

Get SALT Encoding   

  12  0:15  Pylon  
  12  0:16  Probe  
  13  0:41  Forge  
  13  3:37  Pylon  
  13  4:01  Photon Cannon  
  13  4:05  Photon Cannon  
  13  4:10  Photon Cannon  
  13  4:12  Photon Cannon  
  12  5:12  Photon Cannon  
  12  5:16  Photon Cannon  
  12  5:21  Photon Cannon  
  12  5:27  Photon Cannon  
  12  5:36  Photon Cannon  
  12  5:55  Photon Cannon  
  12  5:57  Photon Cannon  
  12  6:04  Photon Cannon  
  12  6:11  Photon Cannon  
  8  8:13  Pylon  
Show
View Real Time Build Order
Export as new Build Order

patient Zerg 

Build Orders: Pool Only 

Get SALT Encoding   

  12  0:19  Spawning Pool  
  11  0:30  Overlord  
  11  0:44  Extractor  
  10  1:05  Zergling x6  
  13  1:18  Zergling x2  
  14  1:28  Zergling x2  
  15  1:45  Zergling x2  
  16  1:53  Zergling x2  
  17  1:55  Metabolic Boost  
  17  2:04  Zergling x2  
  18  2:27  Zergling x4  
  16  2:43  Zergling x4  
  18  2:57  Zergling x2  
  19  3:05  Zergling x2  
  20  3:19  Overlord  
  19  3:42  Zergling x4  
  21  3:52  Zergling x2  
  21  3:58  Zergling x2  
  18  4:09  Zergling x2  
  15  4:30  Zergling x2  
  15  4:31  Zergling x2  
  14  4:46  Zergling x2  
  15  4:58  Zergling x2  
  16  5:03  Lair  
  16  5:05  Zergling x2  
  12  5:33  Drone  
  12  5:34  Drone  
  14  5:43  Spine Crawler  
  14  5:44  Spine Crawler  
  14  5:46  Zergling x2  
  14  5:47  Zergling x2, Spine Crawler  
    6:19  Drone x2  
Show
View Real Time Build Order
Export as new Build Order

DarthHoopa Protoss 

Build Orders:  

Get SALT Encoding   

  12  0:19  Pylon  
  12  0:28  Probe  
  13  0:40  Probe  
  14  0:52  Probe  
  15  1:04  Probe  
  16  1:15  Forge  
  16  1:16  Probe  
  17  2:36  Pylon  
  17  3:26  Probe  
  17  4:28  Pylon  
  17  4:49  Photon Cannon  
  17  4:51  Photon Cannon  
  16  6:15  Photon Cannon x2  
  16  6:17  Photon Cannon  
  16  6:19  Photon Cannon  
  16  6:20  Photon Cannon  
  16  6:21  Photon Cannon  
  14  7:55  Photon Cannon  
  14  7:56  Photon Cannon  
  14  7:57  Pylon  
  14  8:19  Photon Cannon  
  14  8:21  Photon Cannon  
  14  8:23  Photon Cannon x2  
  14  8:24  Photon Cannon  
Tags
 
Add a new tag
Caveats
  • Supply blocks, unpowered buildings, or Contaminate may cause inaccurate times.
  • Supply counts are checked every 10 seconds.